 Dungeon Crawl Stone Soup version 0.31.0-9-g3a7656b989 (webtiles) character file.

Game seed: 12518504837614915694

49 Querens the Magician (level 3, -3/33 HPs)
             Began as an Oni Hedge Wizard on Jan 21, 2024.
             Slain by a gnoll
             ... wielding a +0 flail
              (10 damage)
             ... on level 2 of the Dungeon on Jan 25, 2024.
             The game lasted 00:10:33 (1154 turns).

Querens the Magician (Oni Hedge Wizard)             Turns: 1154, Time: 00:10:34

Health: -3/33      AC:  3    Str: 14    XL:     3   Next: 77%
Magic:  6/8        EV:  9    Int: 17    God:
Gold:   12         SH:  0    Dex:  8    Spells: 7/10 levels left

rFire   . . .        m - +2 short sword (vamp)
rCold   . . .        (no shield)
rNeg    . . .        b - +0 robe
rPois   .            c - +0 hat
rElec   .            (no cloak)
rCorr   .            (gloves unavailable)
SInv    .            (boots unavailable)
Will    .....        (no amulet)
Stlth   +            (no ring)
HPRegen 0.25/turn    (no ring)
MPRegen 0.11/turn

%: no passive effects
@: on blink cooldown
A: large, unfitting armour, horns 1, tough skin 1, double potion healing,
drunken brawling
a: no special abilities


You were on level 2 of the Dungeon.
You visited 1 branch of the dungeon, and saw 2 of its levels.

You collected 126 gold pieces.
You spent 114 gold pieces at shops.

Inventory:

Hand Weapons
 m - a +2 vampiric short sword (weapon)
Armour
 b - a +0 robe (worn)
 c - a +0 hat (worn)
Wands
 a - a wand of flame (23)
Scrolls
 e - 2 scrolls of enchant weapon {unknown}
 f - 2 scrolls of teleportation {unknown}
 g - 3 scrolls of vulnerability {unknown}
 l - a scroll of fog {unknown}
Potions
 d - a potion of magic
 h - 2 potions of attraction {unknown}
 i - a potion of brilliance
 j - a potion of heal wounds
 k - 2 potions of haste {unknown}


   Skills:
 + Level 1.4 Fighting
 - Level 1.7 Dodging
 - Level 1.4 Stealth
 * Level 4.4 Spellcasting
 * Level 2.1 Conjurations
 - Level 0.8 Summonings
 - Level 0.8 Translocations


You had 7 spell levels left.
You knew the following spells:

 Your Spells              Type           Power      Damage    Failure   Level
a - Magic Dart            Conj           44%        1d5       6%          1
b - Blink                 Tloc           12%        N/A       16%         2

Your spell library contained the following spells:

 Spells                   Type           Power      Damage    Failure   Level
 Slow                     Hex            12%        N/A       16%         1
 Call Imp                 Summ           12%        N/A       16%         2
 Cigotuvi's Dreadful Rot  Necr/Alch/Air  6%         N/A       22%         2
 Mephitic Cloud           Conj/Alch/Air  6%         N/A       34%         3


Dungeon Overview and Level Annotations

Branches:
Dungeon (2/15)

Altars:

Shops:
D:1 *   D:2 (


Innate Abilities, Weirdness & Mutations

You are too large for most types of armour.
You have a pair of small horns on your head.
You have tough skin. (AC +1)
You gain doubled healing and magic from potions.
Whenever you drink a healing potion, you attack all around you.


Message History

You barely miss the gnoll.
The gnoll is moderately wounded.
The gnoll barely misses you.
You hit the gnoll.
The gnoll is heavily wounded.
The gnoll shouts!
You hit the gnoll.
The gnoll is moderately wounded.
You hit the gnoll.
The gnoll is heavily wounded.
The gnoll hits you with a +0 flail.
You closely miss the gnoll. You headbutt the gnoll.
The gnoll is severely wounded.
The gnoll hits you with a +0 flail.
You closely miss the gnoll.
The gnoll is heavily wounded.
The gnoll hits you with a +0 flail!
You hit the gnoll.
You feel better.
Your headbutt misses the gnoll.
The gnoll is severely wounded.
The gnoll closely misses you.
You closely miss the gnoll.
The gnoll is severely wounded.
The gnoll hits you with a +0 flail.
You hit the gnoll.
The gnoll is severely wounded.
The gnoll hits you with a +0 flail.
* * * LOW HITPOINT WARNING * * *
Casting: Magic Dart (safe; 6% risk of failure)
Confirm with . or Enter, or press ? or * to list all spells.
You blink.
The bat closely misses you. The gnoll barely misses you.
Casting: Blink (safe; 16% risk of failure)
Confirm with . or Enter, or press ? or * to list all spells.
You are still too unstable to blink.
The bat hits you.
* * * LOW HITPOINT WARNING * * *
The gnoll attacks as it pursues you! The gnoll barely misses you.
The bat completely misses you. The bat hits you but does no damage.
The gnoll attacks as it pursues you! The gnoll hits you with a +0 flail!
You die...

###### ######### #..... #.......#
#..... #.......# #..... ###
#......)## #######..... ..#
#........#########....##.....
..###..))......b@................
..##.g.).......g...........#.....
..##.###.###......####....##...#.
.....###.###.g....# #.....#.g..#
.<#........g......# #........#.#
..###....###.......# ###......#.#
..#...#### #####.........###.....
###.#############..###.#.. ##....
#............# #...##.#... ....


You could see 3 gnolls and a bat.

Vanquished Creatures
  A gnoll (D:2)
  An adder (D:2)
  2 endoplasms (D:2)
  4 giant cockroaches (D:2)
  4 hobgoblins
  2 jackals (D:1)
  5 kobolds (D:2)
  A quokka (D:1)
  4 ball pythons (D:2)
  2 bats
  2 rats (D:2)
28 creatures vanquished.

Notes
Turn   | Place    | Note
-------+----------+-------------------------------------------
     0 | D:1      | Querens the Oni Hedge Wizard began the quest for the Orb.
     0 | D:1      | Reached XP level 1. HP: 16/16 MP: 5/5
    40 | D:1      | Reached skill level 1 in Conjurations
   280 | D:1      | Found Ukhlexua's Assorted Antiques.
   419 | D:1      | Reached XP level 2. HP: 26/26 MP: 1/6
   458 | D:2      | Found Lumnup's Antique Weapon Boutique.
   466 | D:2      | Learned a level 2 spell: Blink
   523 | D:2      | Reached skill level 4 in Spellcasting
   543 | D:2      | Reached skill level 1 in Fighting
   661 | D:2      | Reached XP level 3. HP: 33/33 MP: 6/8
   773 | D:1      | Bought a puce potion for 18 gold pieces
   773 | D:1      | Bought a fizzy black potion for 18 gold pieces
   773 | D:1      | Bought a fuming grey potion for 18 gold pieces
   773 | D:1      | Bought a scroll labelled NIREARCHAUB for 20 gold pieces
   931 | D:1      | Bought a scroll labelled TETHIA LARIFOH for 20 gold pieces
   931 | D:1      | Bought a scroll labelled QOALIFIWUS for 20 gold pieces
   955 | D:2      | Upgraded the game from 0.31.0-4-g52a2dc7128 to
                  | 0.31.0-9-g3a7656b989
  1154 | D:2      | Slain by a gnoll

Illustrated notes

Levels and vault maps discovered:
D:1:      sevenhm_arrival_forest_fort_small_3, layout_basic, serial_shops,
          nicolae_shop_advertising_works [nicolae_subvault_shop_adworks],
          hex_medium
D:2:      layout_rooms, serial_shops, shop

Skill      XL: |  1  2  3 |
---------------+----------+-----
Conjurations   | 1 2 |  2.1
Spellcasting   | 4 |  4.4
Fighting       | 1 |  1.4
Dodging        | |  1.7
Stealth        | |  1.4
Summonings     | |  0.8
Translocations | |  0.8

Action                     || total
---------------------------++-------
  Melee: Dagger            ||    55
         Headbutt          ||    14
         Short sword       ||    35
         Punch             ||     1
   Cast: Magic Dart        ||    48
         Blink             ||     1
    Use: Scroll            ||     3
   Stab: Sleeping          ||     1
 Armour: Robe              ||   110
  Dodge: Dodged            ||    80
